AoeStats
← 雫畑躾

Glade

510336089Analyzed
1v1 RM · 1d ago on Sep 30, 2026· 24m 22s· 2 players
Game mode
Random Map
Map size
Tiny (2 player)
Population
200
Speed
Normal
Resources
Standard
Victory
Conquest
Starting age
Dark Age
Ending age
Imperial Age
RankedLock teamsTeams togetherTeam positionsShared explorationLock speedFull tech treeHidden civsTurbo modeCheats
Victory
Defeat
🇫🇷 Malay · France
1205
+15
🇹🇼 Wu · Taiwan
1192
-15
雫畑躾
9:21 Feudal Age
9:44 Loom
10:44 Man-at-Arms
13:36 Double-Bit Axe
21:10 Castle Age
19:05 Fletching
19:42 Scale Mail Armor
19:56 Stone Mining
19:59 Gold Mining
20:58 Horse Collar
21:37 Long Swordsman
23:50 Bodkin Arrow
HeN_BenP
11:58 Feudal Age
15:49 Castle Age
14:20 Double-Bit Axe
14:16 Horse Collar
22:52 Forging
Connection lost

Rejoining the realm…

Still unreachable

The connection could not be restored.

Session expired

The server has moved on; the page needs a fresh start.